 Dungeon Crawl Stone Soup version 0.27-a0-1324-ge0d8e047f6 (webtiles) character file.

Game seed: 3594640964599414654

431 Delamore the Poker (level 7, -2/56 HPs)
             Began as a Formicid Fighter on June 23, 2021.
             Succumbed to a water moccasin's poison
             ... on level 6 of the Dungeon.
             The game lasted 00:02:43 (2001 turns).

Delamore the Poker (Formicid Fighter)               Turns: 2001, Time: 00:02:43

Health: -2/56      AC:  6    Str: 23    XL:     7   Next: 20%
Magic:  7/7        EV:  8    Int:  7    God:
Gold:   133        SH: 10    Dex: 10    Spells: 6/6 levels left

rFire    . . .     SeeInvis +   a - +0 trident (elec)
rCold    . . .     Faith    .   c - +1 kite shield
rNeg     . . .     Spirit   .   b - +0 scale mail
rPois    .         Reflect  .   (helmet unavailable)
rElec    .         Harm     .   (no cloak)
rCorr    +         Rampage  .   (no gloves)
Will     .....                  (no boots)
Stlth    ..........             (no amulet)
HPRegen  0.18/turn              f - ring of resist corrosion
MPRegen  0.10/turn              (no ring)

@: lethally poisoned (-2 -> -11)
A: permanent stasis, dig shafts and tunnels, antennae 3, four strong arms
a: Dig, Shaft Self


You were on level 6 of the Dungeon.
You visited 1 branch of the dungeon, and saw 4 of its levels.

You collected 133 gold pieces.

Inventory:

Hand Weapons
 a - a +0 trident of electrocution (weapon)
Armour
 b - a +0 scale mail (worn)
 c - a +1 kite shield (worn)
Jewellery
 f - a ring of resist corrosion (left hand)
Scrolls
 e - a scroll of identify
Potions
 d - a potion of might


   Skills:
 - Level 5.0 Fighting
 * Level 6.3 Polearms
 - Level 3.2 Armour
 - Level 3.6 Shields


You had 6 spell levels left.
You didn't know any spells.
Your spell library contained the following spells:

 Spells                   Type           Power      Damage    Failure   Level
 Magic Dart               Conj           0%         1d3       98%         1
 Call Imp                 Summ           0%         N/A       99%         2
 Slow                     Hex            0%         N/A       99%         2
 Conjure Flame            Conj/Fire      0%         6-21      100%        3
 Mephitic Cloud           Conj/Pois/Air  0%         N/A       100%        3
 Blink                    Tloc           Unusable   N/A       N/A         2

Dungeon Overview and Level Annotations

Branches:
Dungeon (3/15)

Altars:

Shops:
D:1 *


Innate Abilities, Weirdness & Mutations

You cannot be hasted, slowed, berserked, paralysed or teleported.
You can dig through walls and to a lower floor.
You have a pair of large antennae on your head. (SInv)
Your four strong arms can wield two-handed weapons with a shield.


Message History

The water moccasin bites you.
You are more poisoned.
The water moccasin poisons you! The water moccasin bites you.
You are more poisoned.
The water moccasin poisons you!
You closely miss the water moccasin.
The water moccasin is heavily wounded.
* * * LOW HITPOINT WARNING * * *
You feel extremely sick.
You block the water moccasin's attack. x2
You hit the water moccasin.
The water moccasin is severely wounded.
* * * LOW HITPOINT WARNING * * *
You feel extremely sick. You block the water moccasin's attack.
You feel better. You block the water moccasin's attack.
The water moccasin bites you.
* * * LOW HITPOINT WARNING * * *
You are lethally poisoned!
The water moccasin poisons you!
You feel better. The water moccasin bites you.
* * * LOW HITPOINT WARNING * * *
You extend your mandibles.
You dig through the rock wall.
You block the water moccasin's attack.
Found 27 stones.
You retract your mandibles.
You miss the water moccasin.
The water moccasin is severely wounded.
You block the water moccasin's attack. The water moccasin bites you.
* * * LOW HITPOINT WARNING * * *
You are lethally poisoned!
The water moccasin poisons you!
Okay, then.
You puncture the water moccasin!
You kill the water moccasin!
* * * LOW HITPOINT WARNING * * *
You feel very sick.
Your Polearms skill increases to level 6!
You have reached level 7!
You closely miss the orc wizard.
You die...

. . # #. ##.. .. #.
...... #.##.####...
##.........##
......(.....# # #
#.##@##..#.# .#
#.###o#..#.#..#
#.##.##......#.
#.###.#........
#.>........o..# #.
#.#####........
...####.#####.#...###
#.............##.##
#...........>.# ##


You could see an orc wizard.

Vanquished Creatures
  A water moccasin (D:6)
  An orc warrior (D:6)
  A centaur (D:6)
  A centaur zombie (D:6)
  A bullfrog zombie (D:6)
  A jelly (D:6)
  An adder (D:2)
  A worm (D:2)
  A dart slug (D:2)
  3 orcs (D:6)
  3 ball pythons (D:1)
  6 endoplasms
  4 goblins
  4 hobgoblins
  2 kobolds (D:2)
  3 quokkas
  2 bats (D:2)
  4 frilled lizards
  3 rats
43 creatures vanquished.

Vanquished Creatures (collateral kills)
  A rat (D:2)
1 creature vanquished.

Grand Total: 44 creatures vanquished

Notes
Turn   | Place    | Note
-------+----------+-------------------------------------------
     0 | D:1      | Delamore the Formicid Fighter began the quest for the Orb.
     0 | D:1      | Reached XP level 1. HP: 18/18 MP: 1/1
   211 | D:1      | Found Kyamukuu's General Store.
   230 | D:1      | Found a faded altar of an unknown god.
   234 | D:1      | Reached XP level 2. HP: 24/24 MP: 2/2
   912 | D:2      | Reached XP level 3. HP: 30/30 MP: 3/3
   941 | D:2      | Reached skill level 3 in Polearms
  1466 | D:2      | Reached XP level 4. HP: 37/37 MP: 4/4
  1713 | D:3      | You fall into a shaft and drop 3 floors!
  1769 | D:6      | Noticed a centaur
  1769 | D:6      | Noticed an orc warrior
  1775 | D:6      | Killed an orc warrior
  1776 | D:6      | Reached skill level 4 in Polearms
  1776 | D:6      | Reached XP level 5. HP: 43/43 MP: 5/5
  1779 | D:6      | Killed a centaur
  1780 | D:6      | Reached skill level 5 in Fighting
  1780 | D:6      | Reached skill level 5 in Polearms
  1780 | D:6      | Reached XP level 6. HP: 51/51 MP: 6/6
  1975 | D:6      | Noticed a water moccasin
  1995 | D:6      | HP: 2/51 [poisoned by a water moccasin]
  2000 | D:6      | Killed a water moccasin
  2000 | D:6      | HP: 1/51 [poisoned by a water moccasin]
  2001 | D:6      | Reached skill level 6 in Polearms
  2001 | D:6      | Reached XP level 7. HP: 1/56 MP: 7/7
  2001 | D:6      | Succumbed to a water moccasin's poison

Illustrated notes

Levels and vault maps discovered:
D:1:      roderic_chinese_lattice_arrival, layout_basic,
          hellmonk_ecumenical_altar_pennies_from_heaven, serial_shops,
          nicolae_shop_stone
D:2:      layout_loops_ring, grunt_decor_fettered, minmay_tetromino_o2
D:3:      layout_rooms, serial_glass, glass_columns_a, glass_columns_c,
          minmay_pentangle
D:6:      layout_loops_ring, lemuel_blue_sif_altar,
          minmay_fractal_squares_diagonal_5

Skill      XL: |  1  2  3  4  5  6 |
---------------+-------------------+-----
Polearms       | 3 4 5 6 |  6.3
Fighting       | 4 5 |  5.0
Armour         | |  3.2
Shields        | |  3.6

Action                   |  1- 3 |  4- 6 |  7- 9 || total
-------------------------+-------+-------+-------++-------
Melee: Trident           |    80 |    46 |     1 ||   127
 Abil: Dig               |       |     3 |       ||     3
  Use: Scroll            |    10 |     1 |       ||    11
       Potion            |       |     2 |       ||     2
Armor: Scale mail        |    11 |    14 |       ||    25
Dodge: Dodged            |    18 |    12 |       ||    30
Block: Kite shield       |    24 |    34 |       ||    58

Table legend: (Time is in decaauts)
 A = Elapsed time spent in this place.
 B = Non-inter-level travel time spent in this place.
 C = Inter-level travel time spent in this place.
 D = Time resting spent in this place.
 E = Time spent auto-exploring this place.
 F = Levels seen in this place.
 G = Mean time per level.
                   A        B        C        D        E       F      G
               +--------+--------+--------+--------+--------+-----+--------+
         Total |   2040 |   1985 |     55 |    138 |   1527 |   4 |  510.0 |
       Dungeon |   2040 |   1985 |     55 |    138 |   1527 |   4 |  510.0 |
               +--------+--------+--------+--------+--------+-----+--------+

Top non-repeatable levels by time:
     D:2: 866 daAuts
     D:1: 845 daAuts
     D:6: 298 daAuts
     D:3: 28 daAuts
